 Dungeon Crawl Stone Soup version 0.29-a0-721-g7f417c9bbb (webtiles) character file.

Game seed: 10872070015854723010

2006 blackman the Cleaver (level 9, -5/63 HPs)
             Began as a Human Delver on June 28, 2022.
             Was an Initiate of Gozag.
             Killed by divine providence
             ... invoked by an orc priest
              (11 damage)
             ... on level 5 of the Dungeon.
             The game lasted 00:15:51 (5164 turns).

blackman the Cleaver (Human Delver)                 Turns: 5164, Time: 00:15:51

Health: -5/63      AC:  7    Str: 17    XL:     9   Next: 46%
Magic:  9/9        EV:  9    Int: 10    God:    Gozag
Gold:   873        SH:  3    Dex: 15    Spells: 8/8 levels left

rFire   . . .      SeeInvis .   l - +0 war axe
rCold   . . .      Faith    .   I - +0 buckler
rNeg    . . .      Spirit   .   m - +0 scale mail
rPois   .          Reflect  .   D - +0 helmet
rElec   .          Harm     .   (no cloak)
rCorr   .          Rampage  .   (no gloves)
Will    .....                   (no boots)
Stlth   ++........              x - amulet of regeneration
HPRegen 1.00/turn               j - +4 ring of slaying
MPRegen 0.11/turn               (no ring)

@: about to teleport
A: no striking features
a: Renounce Religion, Potion Petition, Call Merchant, Bribe Branch


You were on level 5 of the Dungeon.
You worshipped Gozag.
Gozag was pleased with you.
You visited 1 branch of the dungeon, and saw 5 of its levels.

You collected 948 gold pieces.
You paid 75 gold pieces to Gozag.

Inventory:

Hand Weapons
 a - a +0 hand axe
 k - a +1 glaive
 l - a +0 war axe (weapon)
 u - a +1 whip of venom
Armour
 b - a +0 leather armour
 m - a +0 scale mail (worn)
 D - a +0 helmet (worn)
 I - a +0 buckler (worn)
Jewellery
 j - a +4 ring of slaying (left hand)
 t - an amulet of guardian spirit
 x - an amulet of regeneration (around neck)
 E - a ring of fire
Wands
 g - a wand of digging (3)
 G - a wand of flame (1)
 H - a wand of iceblast (5)
Scrolls
 d - 3 scrolls of magic mapping
 e - a scroll of fear
 f - 2 scrolls of poison {unknown}
 h - a scroll of noise
 o - a scroll of immolation
 p - a scroll of enchant weapon {unknown}
 y - a scroll of vulnerability {unknown}
 z - a scroll of blinking {unknown}
 A - a scroll of brand weapon {unknown}
 C - 2 scrolls of enchant armour {unknown}
Potions
 i - a potion of attraction {unknown}
 n - 2 potions of resistance
 q - a potion of might {unknown}
 r - a potion of curing
 v - a potion of ambrosia
 w - 2 potions of brilliance {unknown}
 B - 2 potions of flight {unknown}
 F - a potion of degeneration {unknown}


   Skills:
 - Level 3.0 Fighting
 + Level 11.9 Axes
 - Level 2.0 Dodging
 - Level 5.0 Stealth


You had 8 spell levels left.
You didn't know any spells.
Your spell library contained the following spells:

 Spells                   Type           Power      Damage    Failure   Level
 Sandblast                Erth           0%         2d4       88%         1
 Summon Small Mammal      Summ           0%         N/A       88%         1
 Ensorcelled Hibernation  Hex/Ice        0%         N/A       96%         2
 Passwall                 Tmut/Erth      0%         N/A       96%         2
 Call Canine Familiar     Summ           0%         N/A       99%         3
 Spider Form              Tmut/Pois      0%         N/A       99%         3
 Stone Arrow              Conj/Erth      0%         3d7       99%         3
 Summon Guardian Golem    Hex/Summ       0%         N/A       99%         3
 Anguish                  Hex/Necr       0%         N/A       100%        4
 Cause Fear               Hex            0%         N/A       100%        4
 Lee's Rapid Deconstruct  Erth           0%         3d5*      100%        5
 Borgnjor's Revivificati  Necr           0%         N/A       100%        8
 Necromutation            Tmut/Necr      0%         N/A       100%        8
 Death's Door             Necr           0%         N/A       100%        9
 Shatter                  Erth           0%         3d5*      100%        9


Dungeon Overview and Level Annotations

Branches:
Dungeon (5/15)
 Temple: D:4-7

Altars:
Ashenzari
Gozag
Makhleb
Uskayaw
Vehumet
Zin
The Shining One


Message History

The gnoll is almost dead.
The gnoll closely misses you.
The orc priest calls down the wrath of Beogh upon you.
Beogh smites you!
You are too injured to fight recklessly!
You are too injured to fight recklessly!
The gnoll completely misses you.
The orc priest invokes the aid of Beogh against you.
Beogh smites you!
* * * LOW HITPOINT WARNING * * *
As you read the scroll of fog, it crumbles to dust.
The scroll dissolves into smoke.
The gnoll hits you from afar with a +0 spear.
* * * LOW HITPOINT WARNING * * *
The orc priest casts a cantrip, but nothing happens.
The wolf attacks as you move away! The wolf barely misses you.
The wolf barely misses you. The wolf bites you but does no damage.
The wolf attacks as you move away! The wolf bites you.
* * * LOW HITPOINT WARNING * * *
The wolf bites you.
* * * LOW HITPOINT WARNING * * *
The wolf attacks as you move away! The wolf misses you. x2
The gnoll throws a stone.
The stone hits you but does no damage.
The gnoll throws a stone.
The stone hits you but does no damage.
As you read the scroll of teleportation, it crumbles to dust.
You feel strangely unstable.
The hound barks!
The gnoll shouts!
You hear a shout! x3
The wolf closely misses you. The wolf bites you!
* * * LOW HITPOINT WARNING * * *
The wolf bites you but does no damage.
The gnoll throws a boomerang.
The boomerang hits you.
* * * LOW HITPOINT WARNING * * *
The wolf bites you.
* * * LOW HITPOINT WARNING * * *
The gnoll throws a boomerang.
The boomerang completely misses you.
The orc priest invokes the aid of Beogh against you.
Beogh smites you!
You die...
Your body crumbles into a pile of gold.

##.........# .....#.....#
.....#....## ..........#########
..........#..#.#..##
.......!.....#.....##########
....8.................ogg...#####
.............#.....g#######...$..
#..###.......#..@h#......o...####
≈..≈.##.........#...≈≈≈≈≈≈≈≈$....
≈..≈.##.............≈ggg...≈≈$...
≈..≈.##............≈≈..##...≈≈≈≈≈
≈..≈.##..##....≈≈≈≈≈h.####.....g§
≈..≈.##..$....≈≈.....## ##...§§§
≈.$≈.###......≈......# #...§§§
$.$.#####.....≈....... #.....§§
.$$...###...#.≈g..# ...##§§§


You could see a gnoll sergeant, a wolf, a hound, an orc priest and 4 gnolls.

Vanquished Creatures
  Grum (D:5)
  Edmund (D:4)
  Duvessa (D:5)
  A water moccasin (D:5)
  An ogre (D:4)
  2 wolves (D:5)
  2 phantoms (D:5)
  2 gnoll sergeants (D:5)
  A scorpion (D:5)
  Dowan (D:5)
  A jelly (D:5)
  12 hounds
  An orc priest (D:5)
  2 gnoll shamans (D:5)
  An iguana (D:5)
  4 orc wizards
  Robin (D:2)
  3 adders
  13 gnolls (D:5)
  A shadow imp (D:5)
  2 dart slugs
  18 orcs
  9 ball pythons
  8 endoplasms
  4 giant cockroaches
  20 goblins
  10 hobgoblins
  3 jackals (D:5)
  3 quokkas
  5 bats
  6 frilled lizards
  9 kobolds
  4 rats
153 creatures vanquished.

Vanquished Creatures (others)
  2 orc wizards (D:5)
2 creatures vanquished.

Grand Total: 155 creatures vanquished

Notes
Turn   | Place    | Note
-------+----------+-------------------------------------------
     0 | D:5      | blackman the Human Delver began the quest for the Orb.
     0 | D:5      | Reached XP level 1. HP: 18/18 MP: 1/1
     3 | D:5      | Found a hide-covered altar of Uskayaw.
     5 | D:5      | Noticed a scorpion
    18 | D:5      | Noticed an orc wizard
   216 | D:3      | Reached XP level 2. HP: 14/24 MP: 2/2
   443 | D:4      | Reached skill level 3 in Axes
   701 | D:4      | Noticed an ogre
   718 | D:3      | Reached XP level 3. HP: 29/29 MP: 3/3
   857 | D:3      | Reached skill level 4 in Axes
   857 | D:3      | Reached XP level 4. HP: 23/35 MP: 4/4
  1110 | D:3      | Got Sif Muna's Guide on Ashen Curses
  1168 | D:3      | Found an opulent altar of Gozag.
  1231 | D:3      | Became a worshipper of Gozag Ym Sagoz the Greedy
  1506 | D:3      | Reached XP level 5. HP: 36/41 MP: 5/5
  1776 | D:3      | Found a faded altar of an unknown god.
  1776 | D:3      | Found a faded altar of an unknown god.
  1783 | D:3      | Found a burning altar of Makhleb.
  1785 | D:3      | Found a broken altar of Ashenzari.
  1787 | D:3      | Found a glowing silver altar of Zin.
  2004 | D:5      | Noticed a water moccasin
  2006 | D:5      | Reached skill level 5 in Axes
  2177 | D:4      | Noticed Edmund
  2223 | D:4      | Killed Edmund
  2224 | D:4      | Reached skill level 6 in Axes
  2224 | D:4      | Reached XP level 6. HP: 44/47 MP: 6/6
  2433 | D:5      | Noticed Grum
  2439 | D:5      | Reached XP level 7. HP: 47/52 MP: 7/7
  2602 | D:2      | Reached skill level 7 in Axes
  2622 | D:2      | Noticed Robin
  2639 | D:2      | Killed Robin
  2931 | D:2      | Found a faded altar of an unknown god.
  3996 | D:5      | Reached skill level 8 in Axes
  4003 | D:5      | Killed a water moccasin
  4056 | D:5      | Reached XP level 8. HP: 52/58 MP: 8/8
  4078 | D:5      | Noticed Duvessa
  4081 | D:5      | Noticed Dowan
  4094 | D:5      | Killed Duvessa
  4095 | D:5      | Reached skill level 9 in Axes
  4096 | D:5      | Killed Dowan
  4232 | D:5      | Found a radiant altar of Vehumet.
  4266 | D:5      | Found a glowing golden altar of the Shining One.
  4315 | D:5      | Killed Grum
  4316 | D:5      | Reached skill level 10 in Axes
  4351 | D:5      | Reached XP level 9. HP: 29/63 MP: 9/9
  4516 | D:5      | Reached skill level 11 in Axes
  5164 | D:5      | Killed from afar by an orc priest

Illustrated notes

Levels and vault maps discovered:
D:1:      co_arrival_square_in_a_square_in_a_square, layout_basic,
          minmay_hexomino_f4
D:2:      layout_rooms, hellmonk_ecumenical_altar_inner_sanctum, uniq_robin
D:3:      layout_basic, nicolae_gozag_seed_capital,
          chequers_temple_overflow_minitemple, serial_corexii_hall,
          corexii_hall_statues_l, corexii_hall_statues_deadend,
          minmay_fractal_squares_gapless_5
D:4:      layout_cave_pools, uniq_edmund
D:5:      layout_cave_pools, tso_altar, lemuel_crystal_altar,
          vehumet_altar_wand_db, serial_gnoll_camp, gnoll_camp_huts_moat,
          gnoll_camp_mini_doghouse, gnoll_camp_medium_01, grums_kennel,
          uniq_duvessa

Skill      XL: |  1  2  3  4  5  6  7  8  9 |
---------------+----------------------------+-----
Axes           | 3 4 6 8 10 11 | 11.9
Fighting       | |  3.0
Dodging        | |  2.0
Stealth        | |  5.0

Action                   |  1- 3 |  4- 6 |  7- 9 || total
-------------------------+-------+-------+-------++-------
Melee: Hand axe          |    12 |       |       ||    12
       War axe           |    27 |     7 |   151 ||   185
       Whip              |       |    88 |   114 ||   202
       Punch             |       |     1 |     7 ||     8
Evoke: Wand              |       |       |     8 ||     8
  Use: Potion            |       |     4 |     3 ||     7
       Scroll            |       |     3 |     4 ||     7
 Stab: Sleeping          |     2 |       |     4 ||     6
       Distracted        |       |       |     1 ||     1
Armor: Leather armour    |     4 |       |       ||     4
       Scale mail        |     9 |    37 |   112 ||   158
Dodge: Dodged            |    28 |    43 |   133 ||   204
Block: Buckler           |       |       |     2 ||     2

Table legend: (Time is in decaauts)
 A = Elapsed time spent in this place.
 B = Non-inter-level travel time spent in this place.
 C = Inter-level travel time spent in this place.
 D = Time resting spent in this place.
 E = Time spent auto-exploring this place.
 F = Levels seen in this place.
 G = Mean time per level.
                   A        B        C        D        E       F      G
               +--------+--------+--------+--------+--------+-----+--------+
         Total |   5144 |   4853 |    291 |    983 |   2671 |   5 | 1028.8 |
       Dungeon |   5144 |   4853 |    291 |    983 |   2671 |   5 | 1028.8 |
               +--------+--------+--------+--------+--------+-----+--------+

Top non-repeatable levels by time:
     D:3: 1663 daAuts
     D:5: 1269 daAuts
     D:4: 910 daAuts
     D:1: 744 daAuts
     D:2: 557 daAuts
